 Dungeon Crawl Stone Soup version bcrawl-1.38.1 (webtiles) character file.

Game seed: 5885334271795238105

10306087 Morbidden the Executioner (level 25, 134/223 HPs)
             Began as a Minotaur Archaeologist on Dec 30, 2022.
             Was the Champion of Cheibriados.
             Quit the game on level 2 of the Crypt on Mar 28, 2023.
             The game lasted 01:55:56 (48717 turns).

Morbidden the Executioner (Minotaur Archaeologist) Turns: 48717, Time: 01:55:56

Health: 134/223    AC: 44    Str: 35    XL:     25   Next: 15%
Magic:  54/54      EV: 24    Int: 42    God:    Cheibriados [******]
Gold:   6025       SH: 19    Dex: 25    Spells: 25/43 levels left

rFire    + + .     GDR:     45% a - +8 broad axe (elec)
rCold    + + .     SeeInvis .   B - +0 medium shield {reflect}
rNeg     + + .     Gourm    .   f - +11 gold dragon scales
rPois    +         Faith    .   W - +3 hat of Pondering {ponderous, MR+ MP+10 Int+5}
rElec    +         Spirit   +   d - +1 cloak {rPois}
rCorr    .         Reflect  +   l - +1 pair of gloves of Haul {rN++ MR- Str+3 Int+3}
MR       ++...     Clarity  +   k - +1 pair of boots
Stlth    ..........             h - amulet of Oko Ulat {Spirit rElec rF+ rC+ MR+}
HPRegen  0.47/turn              V - ring of magical power
MPRegen  0.34/turn              K - +5 ring of evasion

@: studying 2 skills, very slow
A: retaliatory headbutt, beak, horns 2, clumsy 1, poison resistance
}: 3/15 runes: serpentine, silver, gossamer
a: Bend Time, Defer, Temporal Distortion, Step From Time, Renounce Religion


You were on level 2 of the Crypt.
You worshipped Cheibriados.
Cheibriados was exalted by your worship.
You were hungry.

You visited 10 branches of the dungeon, and saw 38 of its levels.
You also visited: Sewer and Desolation.

You collected 7842 gold pieces.
You spent 1817 gold pieces at shops.

Inventory:

Hand Weapons
 a - a +8 broad axe of electrocution (weapon)
 b - a +0 blowgun
 u - a +0 hunting sling of flaming
 S - the +3 Elemental Staff {rElec rF++ rC++ MR++ AC+5}
   (You found it in the Desolation of Salt)

   It affects your AC (+5).
   It greatly protects you from fire.
   It greatly protects you from cold.
   It insulates you from electricity.
   It affects your resistance to hostile enchantments.
Missiles
 o - 4 throwing nets {=f}
 s - 844 poisoned tomahawks (quivered)
 w - 3730 sling bullets
 I - 53 javelins
 L - 58 javelins of penetration {=f}
Armour
 d - a +1 cloak of poison resistance (worn)
 f - +11 gold dragon scales (worn)
 k - a +1 pair of boots (worn)
 l - the +1 pair of gloves of Haul (worn) {rN++ MR- Str+3 Int+3}
   (You found it in the Desolation of Salt)

   It affects your strength (+3).
   It affects your intelligence (+3).
   It greatly protects you from negative energy.
   It affects your resistance to hostile enchantments.
 B - a +0 medium shield of reflection (worn)
 F - a +2 large shield
 W - the +3 hat of Pondering (worn) {ponderous, MR+ MP+10 Int+5}
   (You took it off Gastronok on level 1 of the Lair of Beasts)

   It affects your intelligence (+5).
   It affects your resistance to hostile enchantments.
   It affects your magic capacity (+10).
Jewellery
 h - the amulet of Oko Ulat (around neck) {Spirit rElec rF+ rC+ MR+}
   (You acquired it on level 3 of the Dungeon)

   [amulet of guardian spirit]

   It causes incoming damage to be split between your health and magic.
   It protects you from fire.
   It protects you from cold.
   It insulates you from electricity.
   It affects your resistance to hostile enchantments.
 K - a +5 ring of evasion (right hand)
 V - a ring of magical power (left hand)
Wands
 D - a wand of flame (50)
 T - a wand of disintegration (20)
 U - a wand of scattershot (9)
 Y - a wand of acid (15)
 Z - a wand of iceblast (46)
Scrolls
 g - 2 scrolls of magic mapping
 i - 3 scrolls of fog
 m - 2 scrolls of teleportation
 p - 13 scrolls of amnesia
 C - 29 scrolls of remove curse
 E - 5 scrolls of immolation
 G - 6 scrolls of blinking
Potions
 n - 7 potions of curing
 q - 9 potions of flight
 z - 3 potions of agility
 A - 4 potions of might
 H - 5 potions of brilliance
 M - 5 potions of mutation
 N - 5 potions of heal wounds
 O - 6 potions of ambrosia
 Q - a potion of magic
 X - 6 potions of cancellation
Miscellaneous
 c - a lightning rod (4/4)
 j - a phial of floods
 t - a lamp of fire
 v - 2 phantom mirrors
 J - 2 boxes of beasts
 P - a sack of spiders
Comestibles
 e - 45 rations {!d}


   Skills:
 * Level 17.8 Fighting
   Level 0.5 Long Blades
 * Level 21.6(21.9) Axes
   Level 7.5(16.1) Maces & Flails
 + Level 0.1(4.6) Staves
 + Level 3.8(9.3) Slings
 * Level 11.9(12.1) Throwing
 * Level 17.7 Armour
 * Level 14.5 Dodging
 + Level 3.9 Stealth
 * Level 20.4 Shields
 * Level 9.6 Spellcasting
 * Level 6.5 Conjurations
 + Level 7.7 Summonings
 * Level 6.5 Fire Magic
 * Level 9.1 Air Magic
 * Level 6.9 Earth Magic
 * Level 11.6 Invocations
 * Level 8.7 Evocations


You had 25 spell levels left.
You knew the following spells:

 Your Spells              Type           Power        Failure   Level  Hunger
a - Call Canine Familiar  Summ           ######..     5%          3    None
b - Summon Lightning Spi  Summ/Air       ######..     36%         5    ####...
c - Fireball              Conj/Fire      ######....   63%         5    ####...
d - Bolt of Magma         Conj/Fire/Erth ######....   58%         5    ####...

Your spell library contained the following spells:

 Spells                   Type           Power        Failure   Level  Hunger
 Summon Small Mammal      Summ           ####         1%          1    None
 Call Imp                 Summ           ######       2%          2    None
 Magic Dart               Conj           ####         3%          1    None
 Conjure Flame            Conj/Fire      ######..     9%          3    None
 Poisonous Vapours        Pois/Air       ######       10%         2    None
 Airstrike                Air            #######...   10%         4    #......
 Sting                    Conj/Pois      ####         11%         1    None
 Passwall                 Tmut/Erth      #####...     16%         2    None
 Mephitic Cloud           Conj/Pois/Air  ######..     16%         3    None
 False Image              Hex/Summ       ######..     26%         3    None
 Inner Flame              Hex/Fire       N/A          32%         3    None
 Corona                   Hex            ###....      38%         1    None
 Ignite Poison            Fire/Tmut/Pois #####...     45%         3    None
 Blink                    Tloc           N/A          54%         2    None
 Shackle                  Hex            ###.....     54%         2    None
 Sticks to Snakes         Tmut           ###.....     54%         2    None
 Summon Ice Beast         Ice/Summ       ######..     65%         4    #......
 Summon Scorpions         Summ/Pois      ######..     65%         4    #......
 Ozocubu's Armour         Chrm/Ice       ###.....     77%         3    None
 Portal Projectile        Tloc           ###...       77%         3    None
 Spider Form              Tmut/Pois      ###          77%         3    None
 Silence                  Hex/Air        ######....   87%         5    ####...
 Steam Barrier            Chrm/Fire      #####.....   97%         5    ####...
 Venom Bolt               Conj/Pois      #####.....   97%         5    ####...
 Cause Fear               Hex            ###.......   99%         4    #......
 Force Lance              Tloc           ###.....     99%         4    #......
 Ice Form                 Ice/Tmut       ###.....     99%         4    #......
 Olgreb's Toxic Radiance  Pois           ###......    99%         4    #......
 Tree Form                Hex/Tmut       N/A          99%         4    #......
 Yara's Violent Unravell  Hex/Tmut       ###.......   99%         4    #......
 Bolt of Fire             Conj/Fire      ######....   99%         6    #####..
 Iron Shot                Conj/Erth      ######....   99%         6    #####..
 Blade Hands              Tmut           ###.......   100%        5    ####...
 Metabolic Englaciation   Hex/Ice        ###.......   100%        5    ####...
 Bolt of Cold             Conj/Ice       #####.....   100%        6    #####..
 Deflect Missiles         Chrm/Air       ######....   100%        6    #####..
 Infestation              Hex/Tmut/Pois  ###......    100%        6    #####..
 Statue Form              Tmut/Erth      #####....    100%        6    #####..
 Controlled Blink         Tloc           ###.....     100%        7    #######
 Discord                  Hex            ###.......   100%        7    #######
 Icicle Burst             Conj/Ice       #####.....   100%        7    #######
 Mana Rupture             Conj/Hex       #####.....   100%        7    #######
 Orb of Destruction       Conj           ######....   100%        7    #######
 Chain Lightning          Conj/Air       ######....   100%        8    #######
 Glaciate                 Conj/Ice/Air   ######....   100%        8    #######
 Ignition                 Fire           ######....   100%        8    #######
 Lehudib's Crystal Spear  Conj/Erth      ######....   100%        8    #######
 Tornado                  Tloc/Air       ######....   100%        8    #######
 Fire Storm               Conj/Fire      ######....   100%        9    #######
 Shatter                  Erth           ######....   100%        9    #######


Dungeon Overview and Level Annotations

Branches:
Dungeon (12/12)            Temple (1/1) D:4            Lair (6/6) D:7
  Snake (3/3) Lair:3       Spider (3/3) Lair:4        Slime (0/5) Lair:6
    Orc (1/1) D:11            Elf (3/3) Orc          Vaults (3/3) D:12
  Crypt (2/2) Vaults:2       Tomb (0/3) Crypt:2      Depths (4/5) D:12

Altars:
Ashenzari
Cheibriados
Dithmenos
Elyvilon
Gozag
Hepliaklqana
Kikubaaqudgha
Lugonu
Makhleb
Nemelex Xobeh
Okawaru
Qazlal
Ru
Sif Muna
Trog
Vehumet
Wu Jian
Xom
Yredelemnul
Zin
Jiyva

Shops:
D:4 }   D:5 [   D:9 *   D:11 %?   Orc :*[(*   Elf:2 ?   Snake:2 =}}   Snake:3 (
Vaults:1 ![%   Vaults:2 %   Vaults:3 !

Portals:
Hell: Depths:1 Depths:2 Depths:3
Pandemonium: Depths:1 Depths:3

Annotations:
D:2 1 runed door
D:11 3 runed translucent doors, Exe's ghost, journeyman MiBe
Lair:2 exclusion: 3 oklob plants
Elf:2 1 runed translucent door, Mehrunes's ghost, adept OgMo
Vaults:2 2 runed translucent doors, foxfromabyss's ghost, adept OgAc; polpettosauro's ghost, adept FrVM
Crypt:1 3 runed translucent doors, Morbidden's ghost, adept FrCj
Depths:1 9 runed doors


Innate Abilities, Weirdness & Mutations

You reflexively headbutt those who attack you in melee.
You have a pair of horns on your head.
You have a beak for a mouth.
You are clumsy. (Dex -2)
Your system is resistant to poisons. (rPois)


Message History

No path to travel!
Things that are here:
the +6 fire dragon scales of Xtahua {rF+++ rC- MR+} the fire dragon corpse of Xtahua You feel less vulnerable to fire.
There is an open door, spattered with blood here.
Things that are here:
a +0 long sword of pain; a +0 plate armour You start resting.
Magic restored.
A golden dragon zombie comes into view.
A golden dragon zombie is nearby!
A golden dragon zombie is nearby!
No path to travel!
Save game and exit?
Welcome back, Morbidden the Minotaur Archaeologist.
Cheibriados says: Take it easy.
Press m to set your skill training.
Press ? for a list of commands and other information.
No path to travel!
Are you sure you want to abandon this character and quit the game? (Confirm with "yes".)

*≈≈≈≈≈≈≈≈≈≈≈≈≈≈##########******
*≈≈≈≈≈≈≈≈≈≈≈≈≈≈#.....Z...,,,,,,
*≈≈≈≈≈≈≈≈≈≈≈≈≈≈#.........******
*≈≈≈≈≈≈≈≈≈≈≈≈≈≈#.........*,,,,,
*≈≈≈≈≈≈#####.###......#*+**,,,,
*≈≈≈≈≈≈#.......#.[....#,,,**++*
*≈≈≈≈≈≈#.......#.....###*,*,,,,
*≈≈≈≈≈≈#.......[........#**,,,,
*≈≈≈≈≈≈#......@#.........,*,,,,
*≈≈≈≈≈≈#.......#...###...,**++*
*≈≈≈≈≈≈#....#'###....**.#**⌠,,⌠
*≈≈≈≈≈≈######...##....#*#,,,,,,
*≈≈≈≈≈≈#.'.....####....#,⌠,,_,,
*≈≈≈≈≈≈###.......###...#*,,,,,,
*≈≈≈≈≈≈#.....[.###.##...***⌠,,⌠
*≈≈≈≈≈≈###.....'.#..##,,,,**,,*
*≈≈≈≈≈≈#......)###...##,,,,,,,,


You could see a golden dragon zombie (wandering).

Vanquished Creatures
  2 juggernauts
  An ancient lich (Crypt:2)
  Xtahua (Crypt:2)
  A golden dragon (Depths:2)
  Saint Roka (Depths:1)
  Gastronok (Lair:1)
  3 rockslimes
  Nikola (Elf:1)
  Zenata (Depths:1)
  A bone dragon (Crypt:2)
  2 tentacled monstrosities
  A shard shrike skeleton (Crypt:1)
  4 liches
  2 deep elf blademasters (Elf:3)
  Asterion (Elf:3)
  A deep elf master archer (Elf:3)
  5 sphinxes
  3 shadow dragons
  A ghoul (Crypt:1)
  13 nagarajas
  5 tengu reavers (Vaults:3)
  Donald (Elf:1)
  2 revenants (Crypt:1)
  5 deep elf sorcerers
  8 frost giants
  2 storm dragons (Vaults:3)
  11 fire giants
  An iron dragon (Vaults:3)
  3 imperial myrmidons (Desolation)
  4 ghost moths (Spider:3)
  6 war gargoyles
  14 vault wardens
  4 orc warlords
  The ghost of yrara the Severer, a journeyman DsFi of Gozag (Spider:1)
  3 spectral caustic shrikes (Depths:3)
  4 deep elf elementalists (Elf:3)
  A curse skull (Crypt:1)
  4 emperor scorpions
  2 spriggan defenders (Depths:3)
  13 very ugly things
  15 ironheart preservers
  An eye of devastation (shapeshifter) (Vaults:3)
  10 stone giants
  6 deep elf demonologists
  5 dire elephants (Vaults:2)
  5 vampire knights
  A halazid warlock (Desolation)
  3 entropy weavers (Spider:2)
  11 ettins
  6 spark wasps
  11 deep elf annihilators
  7 deep elf death magi
  10 ragged hierophants (Desolation)
  An eidolon (Crypt:1)
  A green death (Depths:3)
  Snorg (Orc)
  5 jiangshi (Crypt:1)
  7 crystal guardians
  13 yaktaur captains
  6 deep elf high priests
  8 fire dragons
  Urug (D:10)
  9 rakshasas
  28 naga warriors
  7 servants of whispers
  Erica (D:8)
  An ice dragon (shapeshifter) (Depths:1)
  A great orb of eyes (shapeshifter) (Vaults:2)
  9 ice dragons
  7 peacekeepers (Desolation)
  4 ogre magi
  5 hydras
  7 anacondas
  27 vault guards
  2 spriggan air magi
  A hell beast (Depths:1)
  4 great orbs of eyes
  16 two-headed ogres
  A two-headed ogre (shapeshifter) (Vaults:3)
  15 dancing weapons
  3 death knights (Vaults:2)
  An alligator (Lair:6)
  10 deep troll shamans
  5 tengu warriors
  6 deep troll earth magi
  A titan zombie (Crypt:2)
  2 ironheart beastmasters (Vaults:2)
  2 soul eaters
  6 shock serpents
  2 vampire magi
  3 orc high priests (Orc)
  15 naga sharpshooters
  19 deep elf knights
  A spriggan berserker (Depths:2)
  28 centaur warriors
  3 iron trolls
  37 skeletal warriors
  19 deep trolls
  13 hell knights
  3 salamander mystics
  A spark wasp zombie (Depths:1)
  An anaconda zombie (Crypt:1)
  A death drake (shapeshifter) (Vaults:3)
  2 glowing orange brains
  8 naga ritualists
  7 flayed ghosts
  14 ironheart convokers
  2 cyclopes
  A lindwurm (Lair:6)
  14 necromancers
  An orange crystal statue (Spider:3)
  2 wolf spider zombies
  13 wizards
  30 wolf spiders
  8 phantasmal warriors
  73 deep elf magi
  19 deep elf archers
  5 frost giant zombies
  3 stone giant zombies
  A golden dragon skeleton (Depths:1)
  An orb spider (shapeshifter) (Depths:2)
  11 mana vipers
  8 orc knights
  14 orb spiders
  A human zombie (Vaults:2)
  2 harpies (shapeshifter)
  11 orc sorcerers
  A manticore (D:10)
  3 moths of wrath
  A tengu skeleton (Vaults:2)
  A sphinx skeleton (D:12)
  53 ugly things
  2 stone giant skeletons
  2 rust devils
  2 will-o'-wisps (Lair:1)
  2 frost giant skeletons
  9 salamanders
  A moth of wrath (shapeshifter) (Vaults:1)
  15 naga magi
  Joseph (D:7)
  29 black mambas
  10 vault sentinels
  A gargoyle (D:10)
  A spriggan zombie (Depths:1)
  3 fire giant skeletons
  12 guardian serpents
  A molten gargoyle (Desolation)
  A catoblepas zombie (Crypt:2)
  6 kobold demonologists
  A yaktaur zombie (D:12)
  20 yaktaurs
  An emperor scorpion zombie (Crypt:1)
  A black draconian zombie (Crypt:1)
  9 demonic crawlers
  22 cane toads
  25 flying skulls (Crypt:2)
  6 freezing wraiths
  20 jumping spiders
  7 komodo dragons
  9 rime drakes
  3 efreet (Depths:3)
  A komodo dragon (shapeshifter) (Elf:1)
  A tengu conjurer (Depths:1)
  A red devil (Depths:1)
  6 trolls
  A queen bee (D:11)
  An iron troll skeleton (Crypt:1)
  A guardian mummy (D:12)
  2 harpy skeletons (D:11)
  25 slime creatures
  3 polar bears
  5 tyrant leeches (Lair:6)
  14 blink frogs
  A slime creature (shapeshifter) (Depths:1)
  8 hornets
  60 saltlings
  8 hippogriffs
  A bog body (Crypt:1)
  An ettin zombie (Vaults:2)
  A hippogriff (shapeshifter) (Depths:2)
  A blink frog (shapeshifter) (Depths:2)
  An alligator zombie (Crypt:1)
  A goliath frog zombie (Crypt:1)
  A fire giant simulacrum (Vaults:3)
  A black mamba zombie (Crypt:2)
  2 meliai zombies
  2 ettin skeletons
  4 air elementals
  A vampire (D:11)
  4 water elementals
  23 tarantellas
  2 wraiths
  3 spriggans
  16 humans (D:12)
  A yak (shapeshifter) (Vaults:2)
  2 wyverns
  A golden eye (shapeshifter) (Vaults:1)
  2 fire elementals
  2 basilisks
  6 hogs (Snake:3)
  27 redbacks
  14 vampire mosquitoes
  39 yaks
  2 chaos spawn (Depths:3)
  2 hungry ghosts
  Menkaure (D:6)
  8 steam dragons (Lair:3)
  49 nagas
  3 acid dragons
  24 water moccasins
  2 wargs
  14 crocodiles
  2 floating eyes (Depths:2)
  An acid dragon (shapeshifter) (Vaults:3)
  5 porcupines
  4 human skeletons
  A swamp drake (D:11)
  3 ettin simulacra (Depths:3)
  An ice beast (D:12)
  A meliai simulacrum (D:11)
  49 orc warriors
  A snapping turtle zombie (Crypt:2)
  3 black bears
  A boggart (shapeshifter) (Elf:1)
  4 sky beasts
  4 phantoms
  6 necrophages
  14 wolves (Lair:3)
  20 ogres
  8 boggarts
  An octopode zombie (Crypt:1)
  20 bullfrogs
  6 kobold brigands
  An earth elemental (Elf:3)
  A glowing shapeshifter simulacrum (Vaults:3)
  8 centaurs
  A wyvern skeleton (D:8)
  4 scorpions
  A human simulacrum (Vaults:2)
  26 killer bees
  13 wights
  32 orc priests
  3 howler monkeys
  5 crimson imps
  A bullfrog zombie (D:7)
  2 quasits
  A wolf skeleton (D:8)
  3 jellies
  A bullfrog skeleton (D:6)
  6 hounds
  26 orc wizards
  2 iguanas
  A merfolk siren (Sewer)
  8 worker ants
  A merfolk avatar (Sewer)
  A porcupine skeleton (Crypt:1)
  A naga zombie (Crypt:2)
  An ogre skeleton (Crypt:1)
  A hound zombie (D:7)
  A hound skeleton (D:9)
  A howler monkey zombie (D:5)
  A worker ant zombie (D:8)
  A river rat (Sewer)
  17 adders
  A scorpion zombie (Crypt:1)
  3 shadow imps
  An ooze (Lair:6)
  An adder zombie (D:8)
  An adder skeleton (D:4)
  3 worms
  2 dart slugs
  10 leopard geckos
  90 orcs
  2 ball pythons
  7 bats
  2 bat zombies (D:5)
  4 giant cockroaches
  6 goblins
  7 hobgoblins
  25 jackals
  58 kobolds
  4 quokkas
  9 frilled lizards
  A jackal zombie (D:5)
  10 kobold skeletons (D:11)
  8 kobold zombies (D:11)
  A quokka skeleton (D:3)
  A quokka zombie (Crypt:1)
  29 rats
  4 rat zombies (D:5)
  A fire vortex (Crypt:2)
  4 fungi
  8 plants
  2 withered plants (D:12)
2167 creatures vanquished.

Vanquished Creatures (collateral kills)
  A dancing weapon (Elf:2)
  A deep elf knight (Vaults:1)
  A deep elf archer (Elf:2)
  An ironheart convoker (Vaults:1)
  A necromancer (Vaults:1)
5 creatures vanquished.

Vanquished Creatures (others)
  A deep elf master archer (Elf:3)
  Kirke (Snake:3)
  A stone giant (Vaults:3)
  A deep elf demonologist (Elf:3)
  A rakshasa (Depths:2)
  2 centaur warriors
  An unseen horror (shapeshifter) (Elf:2)
  2 deep elf archers (Elf:2)
  6 deep elf magi
  A naga mage (Snake:2)
  A vault sentinel (Vaults:2)
  A rime drake (Lair:3)
  3 yaktaurs (Vaults:1)
  A slime creature (Vaults:1)
  An air elemental (Elf:2)
  A human (Snake:3)
  2 steam dragons (Lair:3)
  A redback (shapeshifter) (Vaults:3)
  A naga (Snake:2)
  A boggart (Vaults:2)
  An orc priest (Orc)
  An orc wizard (D:6)
  2 orcs
  A fire vortex (Crypt:2)
  19 fungi
  57 plants
  A withered plant (D:12)
112 creatures vanquished.

Grand Total: 2284 creatures vanquished

Notes
Turn   | Place    | Note
-------+----------+-------------------------------------------
     0 | D:1      | Morbidden the Minotaur Archaeologist began the quest for
                  | the Orb.
     0 | D:1      | Reached XP level 1. HP: 16/16 MP: 0/0
   130 | D:1      | Reached XP level 2. HP: 23/23 MP: 1/1
   345 | D:1      | Reached XP level 3. HP: 25/29 MP: 2/2
   554 | D:2      | Found a runed door.
   694 | D:2      | Reached skill level 1 in Armour
   694 | D:2      | Reached XP level 4. HP: 30/36 MP: 3/3
  1519 | D:2      | Found a faded altar of an unknown god.
  1827 | D:3      | Reached skill level 1 in Slings
  1827 | D:3      | Reached XP level 5. HP: 33/41 MP: 5/5
  1827 | D:3      | Identified a scroll of acquirement
  1837 | D:3      | Identified the +4 quick blade "Sonkouw" {protect, rElec
                  | Str+10 Int+2 Dex-4} (You acquired it on level 3 of the
                  | Dungeon)
  1837 | D:3      | Identified the amulet of Oko Ulat {Spirit rElec rF+ rC+
                  | MR+} (You acquired it on level 3 of the Dungeon)
  2267 | D:3      | Reached skill level 1 in Spellcasting
  2398 | D:4      | Found Duicluf's Gadget Emporium.
  2489 | D:4      | Found a staircase to the Ecumenical Temple.
  2498 | D:4      | Reached XP level 6. HP: 45/50 MP: 6/6
  2498 | D:4      | Noticed a sky beast
  2608 | Temple   | Entered the Ecumenical Temple
  2774 | D:5      | Entered Level 5 of the Dungeon
  2986 | D:4      | Killed a sky beast
  2987 | D:4      | Reached skill level 1 in Shields
  3188 | Temple   | Became a worshipper of Cheibriados the Contemplative
  3383 | D:4      | Found a white marble altar of Elyvilon.
  3383 | D:4      | Found a radiant altar of Vehumet.
  3600 | D:4      | Reached skill level 1 in Throwing
  3600 | D:4      | Reached XP level 7. HP: 57/57 MP: 6/8
  4088 | D:5      | Reached skill level 5 in Dodging
  4121 | D:5      | Reached skill level 5 in Armour
  4166 | D:5      | Reached skill level 5 in Maces & Flails
  4166 | D:5      | Reached XP level 8. HP: 66/66 MP: 9/9
  4174 | D:5      | Reached * piety under Cheibriados
  4298 | D:5      | Found Emeabeed's Armour Shop.
  4327 | D:5      | Found a stormy altar of Qazlal.
  4344 | D:5      | Found an ornate altar of the Wu Jian Council.
  4539 | D:5      | Found an iron altar of Okawaru.
  4955 | D:5      | Found an ancient bone altar of Kikubaaqudgha.
  5374 | D:6      | Found a glowing drain.
  5379 | D:6      | Reached ** piety under Cheibriados
  5391 | Sewer    | Entered a sewer
  5559 | Sewer    | Reached *** piety under Cheibriados
  5865 | D:6      | Reached **** piety under Cheibriados
  6096 | D:6      | Found a shattered altar of Ashenzari.
  6272 | D:6      | Noticed Menkaure
  6277 | D:6      | Reached XP level 9. HP: 44/72 MP: 6/11
  6279 | D:6      | Killed Menkaure
  6499 | D:6      | Reached skill level 1 in Axes
  6864 | D:6      | Reached skill level 5 in Fighting
  6983 | D:7      | Reached skill level 2 in Axes
  7093 | D:7      | Found a staircase to the Lair.
  7096 | D:7      | Reached skill level 3 in Axes
  7099 | D:7      | Reached skill level 4 in Axes
  7103 | D:7      | Reached ***** piety under Cheibriados
  7398 | D:7      | Reached XP level 10. HP: 43/81 MP: 7/13
  7399 | D:7      | Noticed Joseph
  7404 | D:7      | Identified the +2 pair of gloves of Existentialism {rElec
                  | rPois rC+} (You acquired it on level 7 of the Dungeon)
  7404 | D:7      | Identified the ring "Vouc Qeps" {rC+ Str+2 Int+3 Dex+4}
                  | (You acquired it on level 7 of the Dungeon)
  7406 | D:7      | Identified the ring of Souzaco {rPois rF- Int+6 Stlth++}
                  | (You acquired it on level 7 of the Dungeon)
  7419 | D:7      | Reached skill level 5 in Axes
  7527 | D:7      | Killed Joseph
  7550 | D:7      | Reached skill level 6 in Axes
  7973 | D:8      | Noticed a two-headed ogre
  7979 | D:8      | Killed a two-headed ogre
  7980 | D:8      | Reached skill level 7 in Axes
  7980 | D:8      | Reached skill level 5 in Shields
  8353 | D:8      | Noticed Erica
  8365 | D:8      | Killed Erica
  8544 | D:9      | Found Jipramest's Assorted Antiques.
  8624 | D:9      | Reached skill level 8 in Axes
  8752 | D:9      | Learned a level 3 spell: Call Canine Familiar
  8915 | D:9      | Reached XP level 11. HP: 86/89 MP: 15/15
  8916 | D:9      | Reached skill level 10 in Armour
  9081 | D:9      | Reached ****** piety under Cheibriados
  9550 | D:10     | Entered Level 10 of the Dungeon
  9554 | D:10     | Reached skill level 9 in Axes
  9585 | D:10     | Reached skill level 1 in Invocations
  9606 | D:10     | Noticed a two-headed ogre
  9606 | D:10     | Noticed Urug
  9613 | D:10     | Killed a two-headed ogre
  9619 | D:10     | Killed Urug
  9620 | D:10     | Reached skill level 1 in Summonings
  9748 | D:10     | Noticed a cyan ugly thing
  9758 | D:10     | Noticed a brown ugly thing
  9762 | D:10     | Gained mutation: You are clumsy. (Dex -2) [potion of
                  | mutation]
  9762 | D:10     | Gained mutation: Your system is resistant to poisons.
                  | (rPois) [potion of mutation]
  9762 | D:10     | Gained mutation: You have a beak for a mouth. [potion of
                  | mutation]
  9773 | D:10     | Killed a brown ugly thing
  9774 | D:10     | Reached skill level 10 in Axes
  9842 | D:10     | Killed a cyan ugly thing
 10135 | D:10     | Noticed a seven-headed hydra
 10142 | D:10     | Killed a five-headed hydra
 10143 | D:10     | Reached skill level 11 in Axes
 10511 | Lair:1   | Entered Level 1 of the Lair of Beasts
 10539 | Lair:1   | Reached XP level 12. HP: 63/97 MP: 17/17
 10657 | Lair:1   | Noticed Gastronok
 10671 | Lair:1   | Killed Gastronok
 10672 | Lair:1   | Reached skill level 12 in Axes
 10902 | Lair:1   | Reached skill level 13 in Axes
 11091 | Lair:1   | Identified the amulet "Weraurph" {Inacc rElec, pickup} (You
                  | found it on level 1 of the Lair of Beasts)
 11493 | Lair:2   | Found a sparkling altar of Nemelex Xobeh.
 12017 | Lair:3   | Reached skill level 10 in Shields
 12077 | Lair:3   | Found a staircase to the Snake Pit.
 12244 | Lair:3   | Reached skill level 14 in Axes
 12261 | Lair:3   | Reached XP level 13. HP: 107/107 MP: 19/19
 12404 | Lair:3   | Learned a level 5 spell: Summon Lightning Spire
 13614 | Lair:4   | Reached skill level 5 in Spellcasting
 14189 | Lair:4   | Found a hole to the Spider Nest.
 14196 | Lair:4   | Reached skill level 15 in Axes
 14196 | Lair:4   | Reached skill level 1 in Air Magic
 14979 | Lair:5   | Found an iron altar of Okawaru.
 15534 | Lair:6   | Entered Level 6 of the Lair of Beasts
 15754 | Lair:6   | Reached skill level 5 in Invocations
 15972 | Lair:6   | Reached XP level 14. HP: 109/116 MP: 20/20
 16061 | Lair:6   | Found a runed door.
 16062 | Lair:6   | Found a viscous altar of Jiyva.
 16064 | Lair:6   | Found a staircase to the Slime Pits.
 17425 | D:11     | Found a staircase to the Orcish Mines.
 17650 | D:11     | Found an ancient bone altar of Kikubaaqudgha.
 17826 | D:11     | Found Relun's Food Shop.
 17835 | D:11     | Found a runed translucent gate.
 17835 | D:11     | Found a runed translucent gate.
 17835 | D:11     | Found a runed translucent gate.
 17838 | D:11     | Noticed Exe's ghost (journeyman MiBe)
 17838 | D:11     | Identified the +3 hand axe of Yleixen {venom, Int-3 Dex+7}
 17840 | D:11     | Identified the +8 chain mail of Deuqareh {+Inv Str+4}
 17865 | D:11     | Found a roughly hewn altar of Beogh.
 18201 | D:11     | Found Notaip's Magic Scroll Emporium.
 18209 | D:11     | Bought a scroll of teleportation for 39 gold pieces
 18209 | D:11     | Bought a scroll of teleportation for 39 gold pieces
 18209 | D:11     | Bought a scroll of teleportation for 39 gold pieces
 18209 | D:11     | Bought a scroll of blinking for 97 gold pieces
 18209 | D:11     | Bought a scroll of enchant weapon for 97 gold pieces
 18338 | D:12     | Entered Level 12 of the Dungeon
 18414 | D:12     | Reached skill level 16 in Axes
 18497 | D:12     | Found a gate to the Vaults.
 18568 | D:12     | Found a staircase to the Depths.
 18640 | D:12     | Reached XP level 15. HP: 114/126 MP: 22/22
 18734 | D:12     | Reached skill level 10 in Fighting
 19089 | Orc      | Entered the Orcish Mines
 19124 | Orc      | Noticed Snorg
 19128 | Orc      | Killed Snorg
 19359 | Orc      | Found Muqadek's Assorted Antiques.
 19451 | Orc      | Found a staircase to the Elven Halls.
 19457 | Orc      | Found a burning altar of Makhleb.
 19552 | Orc      | Noticed an orc warlord
 19556 | Orc      | Paralysed by an orc sorcerer for 3 turns
 19576 | Orc      | Reached skill level 10 in Dodging
 19922 | Orc      | Killed an orc warlord
 20392 | Orc      | Found Cayhyh's Antique Armour Shoppe.
 20393 | Orc      | Found Woczotheirch's Antique Weapon Emporium.
 20395 | Orc      | Found Raoss's General Store.
 20395 | Orc      | Found Dianiopp's Book Shoppe.
 20410 | Orc      | Bought a pair of embroidered boots for 225 gold pieces
 20410 | Orc      | Bought a pair of embroidered gloves for 225 gold pieces
 20860 | Spider:1 | Entered Level 1 of the Spider Nest
 20869 | Spider:1 | Reached skill level 5 in Summonings
 20993 | Spider:1 | Reached skill level 17 in Axes
 21010 | Spider:1 | Found a runed translucent door.
 21121 | Spider:1 | Noticed yrara's ghost (journeyman DsFi)
 21634 | Spider:1 | Killed yrara's ghost
 21919 | Spider:2 | Reached XP level 16. HP: 136/136 MP: 24/24
 21942 | Spider:2 | Reached skill level 5 in Throwing
 22182 | Snake:1  | Entered Level 1 of the Snake Pit
 23616 | Snake:2  | Found a shattered altar of Ashenzari.
 23700 | Snake:2  | Reached skill level 1 in Evocations
 23705 | Snake:2  | Reached skill level 15 in Shields
 23847 | Snake:2  | Found Tonn's Gadget Emporium.
 23849 | Snake:2  | Found Ehik's Jewellery Shop.
 23850 | Snake:2  | Found Taossezy's Gadget Emporium.
 24575 | Snake:3  | Entered Level 3 of the Snake Pit
 24649 | Snake:3  | Noticed Kirke
 24665 | Snake:3  | Killed Kirke
 24721 | Snake:3  | Reached XP level 17. HP: 35/144 MP: 21/26
 24963 | Snake:3  | Reached skill level 5 in Air Magic
 24983 | Snake:3  | Reached skill level 18 in Axes
 25668 | Snake:3  | Found Mame's Weapon Shop.
 26527 | Snake:3  | Reached XP level 18. HP: 95/154 MP: 27/27
 26624 | Snake:3  | Got a serpentine rune of Zot
 27429 | Spider:3 | Entered Level 3 of the Spider Nest
 28687 | Spider:3 | Got a gossamer rune of Zot
 29250 | Elf:1    | Entered Level 1 of the Elven Halls
 29251 | Elf:1    | Noticed Donald
 29434 | Elf:1    | Learned a level 5 spell: Fireball
 29440 | Elf:1    | Learned a level 5 spell: Bolt of Magma
 29978 | Elf:1    | Reached skill level 1 in Fire Magic
 30583 | Elf:1    | Noticed Nikola
 30640 | Elf:1    | Killed Nikola
 30641 | Elf:1    | Reached skill level 1 in Earth Magic
 30691 | Elf:1    | Killed Donald
 31339 | Elf:2    | Found a crumbling gateway.
 31365 | Desolati | Entered the Desolation of Salt
 31688 | Desolati | Reached XP level 19. HP: 91/162 MP: 29/29
 31827 | Desolati | Reached skill level 1 in Conjurations
 32108 | Desolati | Found the +3 Elemental Staff {rElec rF++ rC++ MR++ AC+5}
 32190 | Desolati | Identified the +8 shortbow of Watchfulness {venom, rN+}
 32491 | Desolati | Identified the +6 flail "Usmipn" {venom, *Slow rElec rF+++
                  | rN++}
 32533 | Desolati | Identified the ring of Birdsong {Dex+3 Stlth--}
 32894 | Desolati | Identified the amulet of the Will of the Gods {RegenMP
                  | rElec Str-5 Dex+6}
 32901 | Desolati | Identified the +1 pair of gloves of Haul {rN++ MR- Str+3
                  | Int+3}
 32921 | Desolati | Identified the Collected Works on Displacement and the
                  | Frostbite
 33066 | Elf:2    | Noticed a Brimstone Fiend
 33267 | Elf:2    | Identified the +2 leather armour of the World {*Drain MR++
                  | Str+3}
 33280 | Elf:2    | Found Uhuphauk's Magic Scroll Boutique.
 33289 | Elf:2    | Bought a scroll of enchant weapon for 120 gold pieces
 33289 | Elf:2    | Bought a scroll of enchant armour for 120 gold pieces
 33289 | Elf:2    | Bought a scroll of enchant weapon for 120 gold pieces
 33289 | Elf:2    | Bought a scroll of blinking for 120 gold pieces
 33596 | Elf:2    | Found a runed translucent door.
 33597 | Elf:2    | Noticed Mehrunes's ghost (adept OgMo)
 33765 | Elf:2    | Found a runed gate.
 33767 | Elf:2    | Found a runed gate.
 33768 | Elf:2    | Found a runed gate.
 33972 | Elf:3    | Entered Level 3 of the Elven Halls
 34228 | Vaults:1 | Entered Level 1 of the Vaults
 34296 | Vaults:1 | Reached skill level 19 in Axes
 34547 | Vaults:1 | Reached XP level 20. HP: 157/172 MP: 30/30
 34555 | Vaults:1 | Reached skill level 5 in Evocations
 34850 | Vaults:1 | Found Wyvay's Food Emporium.
 34913 | Vaults:1 | Found Meciu's Antique Armour Emporium.
 34918 | Vaults:1 | Bought a pair of brightly glowing boots for 247 gold pieces
 34918 | Vaults:1 | Identified the +2 pair of boots of Duty {rElec rC- rCorr
                  | Stlth-} (You bought it in a shop on level 1 of the Vaults)
 34923 | Vaults:1 | Bought a buzzing hat for 234 gold pieces
 34923 | Vaults:1 | Identified the +2 hat of Refuge {-Cast Int+6 Stlth+} (You
                  | bought it in a shop on level 1 of the Vaults)
 34978 | Vaults:1 | Found Ilumuit's Distillery.
 34986 | Vaults:1 | Bought a potion of heal wounds for 95 gold pieces
 36185 | Vaults:2 | Found a large runed translucent door.
 36185 | Vaults:2 | Found a large runed translucent door.
 36185 | Vaults:2 | Noticed polpettosauro's ghost (adept FrVM)
 36185 | Vaults:2 | Noticed foxfromabyss's ghost (adept OgAc)
 36705 | Vaults:2 | Found Dyos's Food Shop.
 36754 | Vaults:2 | Reached skill level 15 in Armour
 36789 | Vaults:2 | Identified the +6 plate armour of Wuirig {Int+2} (You
                  | acquired it on level 2 of the Vaults)
 36789 | Vaults:2 | Identified the ring of Touheira {rElec Dex+3} (You acquired
                  | it on level 2 of the Vaults)
 36790 | Vaults:2 | Found the +14 obsidian axe {chop, +Fly SInv *Curse}
 36972 | Vaults:2 | Reached XP level 21. HP: 181/181 MP: 32/32
 37007 | Vaults:2 | Found a staircase to the Crypt.
 37608 | Vaults:3 | Entered Level 3 of the Vaults
 38069 | Vaults:3 | Reached skill level 10 in Throwing
 38093 | Vaults:3 | Reached skill level 10 in Invocations
 38162 | Vaults:3 | Reached skill level 15 in Fighting
 38226 | Vaults:3 | Reached skill level 20 in Axes
 38366 | Vaults:3 | Noticed a juggernaut
 38389 | Vaults:3 | Killed a juggernaut
 38412 | Vaults:3 | Found Karuf's Distillery.
 38436 | Vaults:3 | Identified the cursed +1 leather armour "Qenkusei"
                  | {*Corrode rElec rN++ MR+}
 38452 | Vaults:3 | Got a silver rune of Zot
 38670 | Vaults:3 | Reached XP level 22. HP: 129/191 MP: 33/33
 39657 | Vaults:3 | Identified the Papyrus of Transmigration
 39660 | Vaults:3 | Identified the +0 chain mail of Coox {Str+4}
 39662 | Vaults:3 | Identified the +9 hand axe "Lasy" {antimagic, rC+}
 39796 | Vaults:3 | Reached skill level 5 in Earth Magic
 40398 | Depths:1 | Entered Level 1 of the Depths
 40408 | Depths:1 | Identified the ring "Yqer" {Fire +Inv}
 40444 | Depths:1 | Found a gateway to Hell.
 40669 | Depths:1 | Found a runed gate.
 40670 | Depths:1 | Found a runed gate.
 40671 | Depths:1 | Found a runed gate.
 40760 | Depths:1 | Found a runed gate.
 40761 | Depths:1 | Found a runed gate.
 40763 | Depths:1 | Found a runed gate.
 40779 | Depths:1 | Noticed a juggernaut
 41093 | Depths:1 | Noticed Saint Roka
 41108 | Depths:1 | Killed Saint Roka
 41207 | Depths:1 | Identified the +3 great mace of Feuvaost {crush, *Rage
                  | *Noise rPois Str+8}
 41217 | Depths:1 | Found a runed gate.
 41218 | Depths:1 | Found a runed gate.
 41220 | Depths:1 | Found a runed gate.
 41255 | Depths:1 | Found a sparkling altar of Nemelex Xobeh.
 41301 | Depths:1 | Found a one-way gate leading to the halls of Pandemonium.
 41355 | Depths:1 | Found a runed gate.
 41356 | Depths:1 | Found a runed gate.
 41364 | Depths:1 | Found a runed gate.
 41464 | Depths:1 | Reached skill level 5 in Fire Magic
 41554 | Depths:1 | Killed a juggernaut
 41566 | Depths:1 | Reached XP level 23. HP: 117/202 MP: 10/35
 41590 | Depths:1 | Reached skill level 5 in Conjurations
 41723 | Depths:1 | Identified Mesuf's Catalogue of Shape Shifting
 42181 | Depths:2 | Noticed Zenata
 42329 | Depths:1 | Killed Zenata
 42521 | Depths:2 | Identified the +7 battleaxe of the Coin {flame, *Corrode
                  | +Rage Str+9 Stlth+}
 42886 | Depths:2 | Found an ancient bone altar of Kikubaaqudgha.
 42897 | Depths:2 | Found an opulent altar of Gozag.
 43202 | Depths:2 | Noticed a golden dragon
 43211 | Depths:2 | Killed a golden dragon
 43314 | Depths:2 | Paralysed by a floating eye for 2 turns
 43918 | Depths:3 | Identified the cursed +3 flail of the Leaping Wolf {crush,
                  | *Rage +Rage rElec rPois}
 43996 | Depths:3 | Identified the +10 short sword of Parts Unknown {drain,
                  | rN+}
 44168 | Depths:3 | Reached skill level 21 in Axes
 44678 | Depths:4 | Reached XP level 24. HP: 212/212 MP: 35/35
 45473 | Elf:3    | Noticed Asterion
 45479 | Elf:3    | Killed Asterion
 45900 | Elf:3    | Identified the +10 whip of the Spheres {venom, MP+9 Int+5}
 45901 | Elf:3    | Identified the cursed ring "Abu Ujim" {-Tele Str+7 Int+4
                  | Dex-2}
 46675 | Elf:3    | Identified the Almanac of Dislocation and Flight
 47346 | Crypt:1  | Entered Level 1 of the Crypt
 47348 | Crypt:1  | Found a runed translucent gate.
 47349 | Crypt:1  | Found a runed translucent gate.
 47350 | Crypt:1  | Found a runed translucent gate.
 47351 | Crypt:1  | Noticed Morbidden's ghost (adept FrCj)
 48080 | Crypt:2  | Entered Level 2 of the Crypt
 48279 | Crypt:2  | Noticed Xtahua
 48359 | Crypt:2  | Noticed an ancient lich
 48379 | Crypt:2  | Killed an ancient lich
 48380 | Crypt:2  | Reached XP level 25. HP: 203/223 MP: 35/35
 48473 | Crypt:2  | Found a staircase to the Tomb.
 48494 | Crypt:2  | Identified the ring of Otiafo Qaho {+Fly Str-4 Int+2 Dex+8}
 48668 | Crypt:2  | Killed Xtahua
 48669 | Crypt:2  | Found the +6 fire dragon scales of Xtahua {rF+++ rC- MR+}
 48717 | Crypt:2  | Upgraded the game from bcrawl-1.37.2 to bcrawl-1.38.1
 48717 | Crypt:2  | Quit the game

Skill      XL: |  1  2  3  4  5  6  7  8  9 10 11 12 13 14 15 16 17 18 19 20 21 22 23 24 |
---------------+-------------------------------------------------------------------------+-----
Stealth        | 3 |  3.9
Fighting       | 2 3 4 5 6 8 9 10 11 12 13 14 15 16 17 | 17.8
Maces & Flails | 2 3 4 5 7 |  7.5
Dodging        | 4 5 6 7 8 9 10 11 12 13 14 | 14.5
Armour         | 1 2 3 5 7 8 9 10 11 12 13 14 15 16 17 | 17.7
Slings         | 1 3 |  3.8
Spellcasting   | 1 2 3 4 5 6 7 8 9 |  9.6
Shields        | 1 2 3 4 6 8 10 11 13 14 15 16 17 18 19 20 | 20.4
Throwing       | 1 2 3 4 5 7 8 9 10 11 | 11.9
Axes           | 4 8 11 14 15 16 17 18 19 20 21 | 21.6
Invocations    | 3 4 5 6 7 8 9 10 11 | 11.6
Summonings     | 2 3 4 5 6 7 |  7.7
Air Magic      | 2 3 4 5 6 7 8 9 |  9.1
Evocations     | 1 3 4 5 6 7 8 |  8.7
Fire Magic     | 1 2 3 4 5 6 |  6.5
Earth Magic    | 1 2 3 4 5 6 |  6.9
Conjurations   | 2 3 4 5 6 |  6.5
Long Blades    | |  0.5
Staves         | |  0.1

Action                   |  1- 3 |  4- 6 |  7- 9 | 10-12 | 13-15 | 16-18 | 19-21 | 22-24 | 25-27 || total
-------------------------+-------+-------+-------+-------+-------+-------+-------+-------+-------++-------
Melee: Whip              |    83 |       |       |       |       |       |       |       |       ||    83
       Headbutt          |    17 |    11 |    51 |   115 |   338 |   378 |   355 |   462 |    31 ||  1758
       Mace              |       |   140 |   208 |       |       |       |       |       |       ||   348
       War axe           |       |       |    89 |   185 |   303 |       |       |       |       ||   577
       Broad axe         |       |       |       |   144 |   645 |  1119 |   959 |  1287 |    83 ||  4237
       Peck              |       |       |       |    46 |   310 |   368 |   301 |   434 |    31 ||  1490
       Scimitar          |       |       |       |     2 |     4 |       |       |       |       ||     6
       Morningstar       |       |       |       |       |     8 |       |       |       |       ||     8
 Fire: Hunting sling     |       |    75 |       |    54 |       |       |    13 |       |       ||   142
       Blowgun           |       |       |       |       |       |       |     1 |       |       ||     1
Throw: Tomahawk          |       |    25 |    47 |    17 |    50 |   145 |   116 |   181 |    11 ||   592
       Javelin           |       |       |       |    40 |    31 |   138 |    97 |    20 |       ||   326
 Cast: Call Canine Famil |       |       |       |       |       |       |    10 |     1 |       ||    11
Invok: Defer             |       |       |       |       |       |     1 |       |       |       ||     1
       Step From Time    |       |       |       |       |       |       |     1 |     2 |       ||     3
Evoke: Wand              |       |     1 |     3 |       |     1 |     1 |     4 |       |       ||    10
       Lightning rod     |       |       |       |       |     4 |    10 |     8 |     7 |       ||    29
       Lamp of fire      |       |       |       |       |       |       |     4 |     2 |       ||     6
  Use: Scroll            |     1 |     4 |     4 |    21 |    16 |     7 |     8 |    17 |       ||    78
       Potion            |       |     4 |       |     4 |     3 |     2 |     8 |     2 |       ||    23
 Stab: Sleeping          |     1 |       |       |       |       |       |       |       |       ||     1
       Distracted        |     1 |       |       |       |       |       |     3 |     2 |       ||     6
       Invisible         |       |       |       |       |       |       |     1 |       |       ||     1
       Confused          |       |       |       |       |       |       |       |     3 |       ||     3
  Eat: Chunk             |     1 |    10 |    22 |    28 |    40 |    18 |    30 |    35 |       ||   184
       Ration            |       |     2 |       |     1 |     4 |    12 |     4 |     6 |     1 ||    30
Armor: Robe              |    35 |       |       |       |       |       |       |       |       ||    35
       Chain mail        |    24 |   167 |   227 |    23 |       |       |       |       |       ||   441
       Plate armour      |       |       |       |   162 |   396 |   581 |   260 |       |       ||  1399
       Skin              |       |       |       |     7 |       |       |       |       |       ||     7
       Iron dragon scale |       |       |       |       |       |       |     3 |   238 |       ||   241
       Gold dragon scale |       |       |       |       |       |       |       |   237 |    18 ||   255
Dodge: Dodged            |    60 |    36 |   195 |   101 |   276 |   450 |   568 |   785 |    39 ||  2510
Block: Large shield      |       |    57 |       |   386 |  1290 |  1692 |       |       |       ||  3425
       Medium shield     |       |       |       |       |       |    51 |   822 |  1152 |    55 ||  2080
       Reflection        |       |       |       |       |       |     2 |   102 |    90 |     1 ||   195
